PAAA
BAKERSFIELD NOBLES @ JERSEY CITY TRITONS
08/20/2034
 
TOP OF THE 1ST
Bakersfield Nobles batting - Pitching for Jersey City Tritons : LHP Marcos Beringel
Pitching: LHP Marcos Beringel
Batting: RHB Wei-qiang Mo 0-0: Called Strike
0-1: Called Strike
0-2: DOUBLE (Groundball, 5L)
Batting: LHB Hideki Hisanobu 0-0: Foul Ball, location: 2F
0-1: Ball
1-1: Swinging Strike
1-2: Strikes out swinging
Batting: RHB Stanley van de Ven 0-0: Ball
1-0: TRIPLE (Line Drive, 78XD)
Wei-qiang Mo scores
Batting: RHB Terry Armstrong 0-0: Ball
1-0: SINGLE (Groundball, 5D)
Stanley van de Ven scores
Batting: RHB Brent Ryan 0-0: Called Strike
0-1: Ball
1-1: Ball
2-1: Ball
3-1: Called Strike
3-2: SINGLE (Flyball, 8LS)
Terry Armstrong to second
Runner from 2nd tries for 3rd, SAFE, no throw
Batting: RHB Yoshihito Samurakami 0-0: Ball
1-0: Ball
2-0: Fly out, F8 (Flyball, 8LM)
Runner from 3rd tags up, SCORES, throw made
Batting: RHB Bartolo Morales 0-0: Ball
1-0: Swinging Strike
1-1: TRIPLE (Line Drive, 78D)
Brent Ryan scores
Batting: RHB Terry John 0-0: Ball
1-0: Fly out, F3 (Line Drive, 3)
Top of the 1st over - 4 runs, 5 hits, 0 errors, 1 left on base; Bakersfield 4 - Jersey City 0
BOTTOM OF THE 1ST
Jersey City Tritons batting - Pitching for Bakersfield Nobles : RHP Manuel Sánchez
Pitching: RHP Manuel Sánchez
Batting: RHB Rubén Arce 0-0: Foul Ball, location: 2F
0-1: Ball
1-1: Ground out 6-3 (Groundball, 6)
Batting: RHB Phil Oostermeer 0-0: SINGLE (Groundball, 23) (infield hit)
Batting: LHB Dana Waldrip 0-0: Ball
1-0: Ball
2-0: Fielders Choice at 2nd, 4-6 (Groundball, 4)
Batting: LHB Víctor Robledo 0-0: Ball
1-0: Ground out 6-3 (Groundball, 6D)
Bottom of the 1st over - 0 runs, 1 hit, 0 errors, 1 left on base; Bakersfield 4 - Jersey City 0
TOP OF THE 2ND
Bakersfield Nobles batting - Pitching for Jersey City Tritons : LHP Marcos Beringel
Batting: RHB Juan Dávila 0-0: Ground out 6-3 (Groundball, 6)
Batting: RHB Wei-qiang Mo 0-0: Ball
1-0: Called Strike
1-1: Foul Ball, location: 2F
1-2: Ball
2-2: Foul Ball, location: 2F
2-2: SINGLE (Line Drive, 78S)
Batting: LHB Hideki Hisanobu 0-0: Ball
1-0: Fielders Choice at 2nd, 5-4 (Groundball, 5)
Batting: RHB Stanley van de Ven 0-0: Called Strike
0-1: Ball
1-1: Foul Ball, location: 2F
1-2: Ground out 5-3 (Groundball, 56S)
Top of the 2nd over - 0 runs, 1 hit, 0 errors, 1 left on base; Bakersfield 4 - Jersey City 0
BOTTOM OF THE 2ND
Jersey City Tritons batting - Pitching for Bakersfield Nobles : RHP Manuel Sánchez
Batting: RHB Wes Griffith 0-0: Ball
1-0: Fly out, F2 (Popup, 13S)
Batting: RHB Seth Rollins 0-0: Called Strike
0-1: Foul Ball, location: 2F
0-2: Foul Ball, location: 2F
0-2: SINGLE (Line Drive, 8LM)
Batting: LHB Mathias Gudmestad 0-0: Ball
1-0: Ball
2-0: Foul Ball, location: 2F
2-1: Ball
3-1: Base on Balls
Seth Rollins to second
Batting: RHB Micheal Lovell 0-0: Called Strike
0-1: Ball
1-1: Ball
2-1: Fielders Choice at 2nd, 6-4 (Groundball, 6)
Seth Rollins to third
Batting: RHB Alfonso Morín 0-0: Ball
1-0: Called Strike
1-1: Ball
2-1: Fielders Choice at 2nd, 6-4 (Groundball, 6)
Bottom of the 2nd over - 0 runs, 1 hit, 0 errors, 2 left on base; Bakersfield 4 - Jersey City 0
TOP OF THE 3RD
Bakersfield Nobles batting - Pitching for Jersey City Tritons : LHP Marcos Beringel
Batting: RHB Terry Armstrong 0-0: Ball
1-0: Swinging Strike
1-1: Ball
2-1: DOUBLE (Flyball, 89D)
Batting: RHB Brent Ryan 0-0: Fly out, F7 (Flyball, 7S)
Batting: RHB Yoshihito Samurakami 0-0: SINGLE (Groundball, 6D)
Terry Armstrong to third
Batting: RHB Bartolo Morales 0-0: Called Strike
0-1: Ball
1-1: Ball
2-1: Ground out 5-3 (Groundball, 56S)
Terry Armstrong scores
Yoshihito Samurakami to second
Batting: RHB Terry John 0-0: Ball
1-0: SINGLE (Flyball, 34D)
Yoshihito Samurakami to third
Batting: RHB Juan Dávila 0-0: Called Strike
0-1: Swinging Strike
0-2: Ball
1-2: Foul Ball, location: 2F
1-2: Hit by Pitch
Terry John to second
Batting: RHB Wei-qiang Mo 0-0: Ball
1-0: Foul Ball, location: 2F
1-1: Foul Ball, location: 2F
1-2: Ground out 6-3 (Groundball, 6)
Top of the 3rd over - 1 run, 3 hits, 0 errors, 3 left on base; Bakersfield 5 - Jersey City 0
BOTTOM OF THE 3RD
Jersey City Tritons batting - Pitching for Bakersfield Nobles : RHP Manuel Sánchez
Batting: RHB Rubén Arce 0-0: Called Strike
0-1: Foul Ball, location: 2F
0-2: Fly out, F9 (Flyball, 9LSF)
Batting: RHB Phil Oostermeer 0-0: Foul Ball, location: 2F
0-1: Ground out 6-3 (Groundball, 6)
Batting: LHB Dana Waldrip 0-0: Ball
1-0: Ball
2-0: Called Strike
2-1: Foul Ball, location: 2F
2-2: Fly out, F8 (Flyball, 8LM)
Bottom of the 3rd over - 0 runs, 0 hits, 0 errors, 0 left on base; Bakersfield 5 - Jersey City 0
TOP OF THE 4TH
Bakersfield Nobles batting - Pitching for Jersey City Tritons : LHP Marcos Beringel
Batting: LHB Hideki Hisanobu 0-0: Swinging Strike
0-1: SINGLE (Groundball, 4MD)
Batting: RHB Stanley van de Ven 0-0: Ball
1-0: Called Strike
1-1: TRIPLE (Line Drive, 8LXD)
Hideki Hisanobu scores
Batting: RHB Terry Armstrong 0-0: Called Strike
0-1: Ball
1-1: Fly out, F8 (Flyball, 89XD)
Runner from 3rd tags up, SCORES, no throw
Batting: RHB Brent Ryan 0-0: Ball
1-0: Called Strike
1-1: Foul Ball, location: 2F
1-2: SOLO HOME RUN (Line Drive, 7LD), Distance : 349 ft
Batting: RHB Yoshihito Samurakami 0-0: SINGLE (Line Drive, 78S)
Batting: RHB Bartolo Morales 0-0: Fly out, F5 (Line Drive, 56)
Batting: RHB Terry John 0-0: Ball
1-0: Ball
2-0: Called Strike
2-1: Foul Ball, location: 2F
2-2: Foul Ball, location: 2F
2-2: Ground out 4-3 (Groundball, 4)
Top of the 4th over - 3 runs, 4 hits, 0 errors, 1 left on base; Bakersfield 8 - Jersey City 0
BOTTOM OF THE 4TH
Jersey City Tritons batting - Pitching for Bakersfield Nobles : RHP Manuel Sánchez
Batting: LHB Víctor Robledo 0-0: Called Strike
0-1: Ground out 4-3 (Groundball, 4)
Batting: RHB Wes Griffith 0-0: Ball
1-0: Foul Ball, location: 2F
1-1: Foul Ball, location: 2F
1-2: Strikes out swinging
Batting: RHB Seth Rollins 0-0: Reached on error, E3 (Groundball, 3)
Batting: LHB Mathias Gudmestad 0-0: Fly out, F8 (Flyball, 78D)
Bottom of the 4th over - 0 runs, 0 hits, 1 error, 1 left on base; Bakersfield 8 - Jersey City 0
TOP OF THE 5TH
Bakersfield Nobles batting - Pitching for Jersey City Tritons : LHP Marcos Beringel
Batting: RHB Juan Dávila 0-0: Ball
1-0: Ball
2-0: Called Strike
2-1: Foul Ball, location: 2F
2-2: Ball
3-2: Ground out 5-3 (Groundball, 56)
Batting: RHB Wei-qiang Mo 0-0: Ball
1-0: Fly out, F9 (Flyball, 9LMF)
Batting: LHB Hideki Hisanobu 0-0: Ball
1-0: Fly out, F9 (Flyball, 89M)
Top of the 5th over - 0 runs, 0 hits, 0 errors, 0 left on base; Bakersfield 8 - Jersey City 0
BOTTOM OF THE 5TH
Jersey City Tritons batting - Pitching for Bakersfield Nobles : RHP Manuel Sánchez
Batting: RHB Micheal Lovell 0-0: Called Strike
0-1: Swinging Strike
0-2: Ball
1-2: SINGLE (Groundball, 56S) (infield hit)
Batting: RHB Alfonso Morín 0-0: Called Strike
0-1: Ball
1-1: Foul Ball, location: 2F
1-2: Strikes out swinging
Batting: RHB Rubén Arce 0-0: Foul Ball, location: 2F
0-1: Foul Ball, location: 2F
0-2: Ball
1-2: Fly out, F6 (Popup, 6D)
Batting: RHB Phil Oostermeer 0-0: Foul Ball, location: 2F
0-1: Foul Ball, location: 2F
0-2: Strikes out swinging
Bottom of the 5th over - 0 runs, 1 hit, 0 errors, 1 left on base; Bakersfield 8 - Jersey City 0
TOP OF THE 6TH
Bakersfield Nobles batting - Pitching for Jersey City Tritons : LHP Marcos Beringel
Batting: RHB Stanley van de Ven 0-0: SINGLE (Groundball, 4MD)
Batting: RHB Terry Armstrong 0-0: Ball
1-0: Fly out, F9 (Flyball, 89M)
Batting: RHB Brent Ryan 0-0: Ball
1-0: Called Strike
1-1: Called Strike
1-2: Grounds into double play, 6-4-3 (Groundball, 6)
Top of the 6th over - 0 runs, 1 hit, 0 errors, 0 left on base; Bakersfield 8 - Jersey City 0
BOTTOM OF THE 6TH
Jersey City Tritons batting - Pitching for Bakersfield Nobles : RHP Manuel Sánchez
Pitching: RHP Nésto Gago
Batting: LHB Dana Waldrip 0-0: Fly out, F9 (Flyball, 9)
Batting: LHB Víctor Robledo 0-0: Ball
1-0: Fly out, F9 (Flyball, 9)
Batting: RHB Wes Griffith 0-0: Fly out, F7 (Flyball, 7)
Bottom of the 6th over - 0 runs, 0 hits, 0 errors, 0 left on base; Bakersfield 8 - Jersey City 0
TOP OF THE 7TH
Bakersfield Nobles batting - Pitching for Jersey City Tritons : LHP Marcos Beringel
Batting: RHB Yoshihito Samurakami 0-0: Ball
1-0: SINGLE (Groundball, 6MD)
Pitching: RHP Doug Green
Batting: RHB Bartolo Morales 0-0: Ground out 6-3 (Groundball, 6S)
Yoshihito Samurakami to second
Batting: RHB Terry John 0-0: Called Strike
0-1: Ball
1-1: Swinging Strike
1-2: Fly out, F9 (Line Drive, 9S)
Batting: RHB Juan Dávila 0-0: Fly out, F7 (Flyball, 78M)
Top of the 7th over - 0 runs, 1 hit, 0 errors, 1 left on base; Bakersfield 8 - Jersey City 0
BOTTOM OF THE 7TH
Jersey City Tritons batting - Pitching for Bakersfield Nobles : RHP Nésto Gago
Batting: RHB Seth Rollins 0-0: Foul Ball, location: 2F
0-1: Ball
1-1: Swinging Strike
1-2: Ball
2-2: Foul Ball, location: 2F
2-2: Ground out 5-3 (Groundball, 56)
Batting: LHB Mathias Gudmestad 0-0: Ball
1-0: Ball
2-0: SINGLE (Flyball, 7LM)
Batting: RHB Micheal Lovell 0-0: Ball
Mathias Gudmestad is caught stealing 2nd base
1-0: Called Strike
1-1: Ball
2-1: Ball
3-1: Fly out, F5 (Line Drive, 56)
Bottom of the 7th over - 0 runs, 1 hit, 0 errors, 0 left on base; Bakersfield 8 - Jersey City 0
TOP OF THE 8TH
Bakersfield Nobles batting - Pitching for Jersey City Tritons : RHP Doug Green
Batting: RHB Wei-qiang Mo 0-0: Called Strike
0-1: DOUBLE (Flyball, 8RXD)
Batting: LHB Hideki Hisanobu 0-0: Ball
1-0: Ball
2-0: Foul Ball, location: 2F
2-1: Ball
3-1: Ground out 5-3 (Groundball, 5)
Batting: RHB Stanley van de Ven 0-0: Called Strike
0-1: Ball
1-1: Fly out, F8 (Line Drive, 8LS)
Batting: RHB Terry Armstrong 0-0: Ball
1-0: Ball
2-0: Foul Ball, location: 2F
2-1: Foul Ball, location: 2F
2-2: Hit by Pitch
Batting: RHB Brent Ryan 0-0: Ball
Wild Pitch!
Wei-qiang Mo to third
Terry Armstrong to second
1-0: Ground out 6-3 (Groundball, 6)
Top of the 8th over - 0 runs, 1 hit, 0 errors, 2 left on base; Bakersfield 8 - Jersey City 0
BOTTOM OF THE 8TH
Jersey City Tritons batting - Pitching for Bakersfield Nobles : RHP Nésto Gago
Batting: RHB Alfonso Morín 0-0: Fly out, F8 (Flyball, 8LM)
Batting: RHB Rubén Arce 0-0: Hit by Pitch
Batting: RHB Phil Oostermeer 0-0: Ball
1-0: Called Strike
1-1: Ball
2-1: Swinging Strike
2-2: SINGLE (Line Drive, 89S)
Rubén Arce to second
Batting: LHB Dana Waldrip 0-0: Ball
1-0: Ball
2-0: Hit by Pitch
Rubén Arce to third
Phil Oostermeer to second
Batting: LHB Víctor Robledo 0-0: Called Strike
0-1: Swinging Strike
0-2: Fly out, F7 (Flyball, 78M)
Runner from 3rd tags up, SCORES, no throw
Batting: RHB Wes Griffith 0-0: Ball
1-0: Ball
2-0: Ball
3-0: Called Strike
3-1: Base on Balls
Phil Oostermeer to third
Dana Waldrip to second
Pitching: LHP Fernando Torrez
Batting: RHB Seth Rollins 0-0: Ball
1-0: Ball
2-0: Ball
3-0: Called Strike
3-1: DOUBLE (Flyball, 8LXD)
Phil Oostermeer scores
Dana Waldrip scores
Wes Griffith to third
Runner from 3rd tries for Home, SAFE, no throw
Batting: LHB Mathias Gudmestad 0-0: Ball
1-0: Swinging Strike
1-1: Called Strike
1-2: Ball
2-2: Ball
3-2: Base on Balls
Batting: RHB Micheal Lovell 0-0: Called Strike
0-1: Ground out 4-3 (Groundball, 4M)
Bottom of the 8th over - 4 runs, 2 hits, 0 errors, 2 left on base; Bakersfield 8 - Jersey City 4
TOP OF THE 9TH
Bakersfield Nobles batting - Pitching for Jersey City Tritons : RHP Doug Green
Batting: RHB Yoshihito Samurakami 0-0: Ball
1-0: Ball
2-0: Called Strike
2-1: Foul Ball, location: 2F
2-2: Ball
3-2: Fly out, F8 (Flyball, 8LS)
Batting: RHB Bartolo Morales 0-0: Ball
1-0: Ground out 5-3 (Groundball, 56S)
Batting: RHB Terry John 0-0: Ball
1-0: Ball
2-0: Swinging Strike
2-1: Ground out 4-3 (Groundball, 4)
Top of the 9th over - 0 runs, 0 hits, 0 errors, 0 left on base; Bakersfield 8 - Jersey City 4
BOTTOM OF THE 9TH
Jersey City Tritons batting - Pitching for Bakersfield Nobles : LHP Fernando Torrez
Batting: RHB Alfonso Morín 0-0: SINGLE (Flyball, 8RS)
Batting: RHB Rubén Arce 0-0: Swinging Strike
0-1: Ball
1-1: Swinging Strike
1-2: Ball
2-2: Strikes out swinging
Batting: RHB Phil Oostermeer 0-0: Fly out, F3 (Popup, 3SF)
Batting: LHB Dana Waldrip 0-0: Ball
1-0: Called Strike
1-1: Swinging Strike
1-2: Ball
2-2: Foul Ball, location: 2F
2-2: Fly out, F8 (Flyball, 8LD)
Bottom of the 9th over - 0 runs, 1 hit, 0 errors, 1 left on base; Bakersfield 8 - Jersey City 4
Friday, March 29th, 2019 - OOTP Baseball 18.8 Build 76